 Dungeon Crawl Stone Soup version 0.31.0-32-g396128a36d (webtiles) character file.

Game seed: 2166920951761241430

52 Doomgape the Caller (level 3, -1/19 HPs)
             Began as a Tengu Summoner on Mar 8, 2024.
             Succumbed to an adder's poison
             ... on level 2 of the Dungeon.
             The game lasted 00:05:20 (1071 turns).

Doomgape the Caller (Tengu Summoner)                Turns: 1071, Time: 00:05:21

Health: -1/19      AC:  2    Str:  5 (8)  XL:     3   Next: 85%
Magic:  6/8        EV: 12    Int: 16 (17) God:
Gold:   37         SH:  0    Dex: 13 (14) Spells: 4/7 levels left

rFire   . . .        (no weapon)
rCold   . . .        f - orb {*channel}
rNeg    . . .        a - +0 robe
rPois   .            (helmet restricted)
rElec   .            (no cloak)
rCorr   .            (no gloves)
SInv    .            (boots unavailable)
Will    .....        (no amulet)
Stlth   ++           (no ring)
HPRegen 0.23/turn    (no ring)
MPRegen 0.11/turn

%: acrobat, channel magic (20%)
@: lethally poisoned (-1 -> -13), very slightly contaminated
A: beak, talons 3, acrobatic, high MP 1, devolution 1
a: no special abilities


You were on level 2 of the Dungeon.
You visited 1 branch of the dungeon, and saw 2 of its levels.

You collected 37 gold pieces.

Inventory:

Armour
 a - a +0 robe (worn)
 f - an orb of energy (worn)
Jewellery
 d - a ring of see invisible
Scrolls
 k - a scroll of acquirement {unknown}
Potions
 b - a potion of magic
 c - a potion of might {unknown}
 j - a potion of mutation


   Skills:
 + Level 2.9 Dodging
 + Level 2.7 Stealth
 + Level 2.5 Spellcasting
 + Level 5.2 Summonings


You had 4 spell levels left.
You knew the following spells:

 Your Spells              Type           Power      Damage    Failure   Level
a - Summon Small Mammal   Summ           72%        N/A       9%          1
b - Call Imp              Summ           36%        N/A       11%         2

Your spell library contained the following spells:

 Spells                   Type           Power      Damage    Failure   Level
 Call Canine Familiar     Summ           18%        N/A       19%         3
 Ensorcelled Hibernation  Hex/Ice        4%         N/A       52%         2
 Passwall                 Erth           2%         N/A       73%         3
 Swiftness                Air            2%         N/A       73%         3
 Summon Blazeheart Golem  Fire/Summ      10%        N/A       75%         4
 Summon Lightning Spire   Summ/Air       10%        N/A       75%         4


Dungeon Overview and Level Annotations

Branches:
Dungeon (2/15)

Altars:


Innate Abilities, Weirdness & Mutations

You have a beak for a mouth.
You have claws for feet.
You can magically evade attacks while moving or waiting.
You have an increased reservoir of magic. (+10% MP)
You have hidden genetic defects.


Message History

A tiny devil pulls itself out of the air.
The adder bites you. The adder attacks as it pursues you!
The adder closely misses you.
Your cerulean imp closely misses the adder.
The adder misses you.
Your cerulean imp hits the adder but does no damage.
You hit the adder but do no damage.
The adder is moderately wounded.
The adder closely misses you.
Your cerulean imp completely misses the adder.
You hit the adder. Your kick misses the adder. Your peck misses the adder.
The adder is heavily wounded.
The adder bites you.
You are poisoned.
The adder poisons you!
Your cerulean imp barely misses the adder.
You closely miss the adder. You claw the adder.
The adder is severely wounded.
You feel sick. The adder bites you.
You are lethally poisoned!
The adder poisons you!
Your cerulean imp hits the adder from afar with a -3 spear.
You hit the adder but do no damage. Your kick misses the adder.
The adder is almost dead.
You feel very sick. The adder barely misses you. The adder bites you.
* * * LOW HITPOINT WARNING * * *
You are more poisoned.
The adder poisons you!
Your cerulean imp hits the adder from afar with a -3 spear.
The adder dies!
It was a potion of mutation.
You feel extremely strange.
You feel a hidden malignance growing inside you.
You feel more energetic.
* * * LOW HITPOINT WARNING * * *
You feel very sick.
It was a potion of degeneration.
There was something very wrong with that liquid.
You feel weakened.
You feel dopey.
You feel clumsy.
You die...

.
#.######+######....
#!.......5.@....#
###[####'####.###
##.†##.##..##
#.....# ###.### #
#.####.###.
#..........
###..##.### #...##


You could see a friendly cerulean imp (summoned).

Vanquished Creatures
  3 goblins (D:1)
3 creatures vanquished.

Vanquished Creatures (collateral kills)
  2 adders (D:2)
  2 dart slugs (D:1)
  3 endoplasms
  A goblin (D:1)
  2 hobgoblins (D:1)
  3 jackals (D:1)
  3 quokkas (D:1)
  4 ball pythons
  2 frilled lizards
  A kobold (D:1)
  A rat (D:1)
24 creatures vanquished.

Grand Total: 27 creatures vanquished

Notes
Turn   | Place    | Note
-------+----------+-------------------------------------------
     0 | D:1      | Doomgape the Tengu Summoner began the quest for the Orb.
     0 | D:1      | Reached XP level 1. HP: 10/10 MP: 4/4
   370 | D:1      | Reached XP level 2. HP: 15/15 MP: 4/6
   399 | D:1      | Reached skill level 5 in Summonings
   520 | D:1      | Reached XP level 3. HP: 19/19 MP: 4/7
   948 | D:2      | Found a faded altar of an unknown god.
   974 | D:2      | Learned a level 2 spell: Call Imp
  1070 | D:2      | Gained mutation: You have hidden genetic defects. [potion
                  | of mutation]
  1070 | D:2      | Gained mutation: You have an increased reservoir of magic.
                  | (+10% MP) [potion of mutation]
  1071 | D:2      | Succumbed to an adder's poison

Illustrated notes

Levels and vault maps discovered:
D:1:      heliophobic_arrival_glass_houses, layout_loops_ring
D:2:      layout_rooms, nicolae_ecumenical_pavilion, interstate_on_off

Skill      XL: |  1  2 |
---------------+-------+-----
Summonings     | 5 |  5.2
Dodging        | |  2.9
Stealth        | |  2.7
Spellcasting   | |  2.5

Action                     || total
---------------------------++-------
  Melee: Unarmed           ||    19
         Kick              ||     4
         Peck              ||     1
   Cast: Summon Small Mamm ||    34
         Call Imp          ||     3
    Use: Scroll            ||     3
         Potion            ||     2
 Armour: Robe              ||    18
  Dodge: Dodged            ||    23
